TOP OF THE 1ST |
Clinton LumberKings batting - Pitching for Fort Wayne TinCaps : LHP Patrick Falcone
|
Pitching: LHP Patrick Falcone
|
|
Batting: LHB Tyler Gold
|
0-0: Called Strike 0-1: Called Strike 0-2: Ball 1-2: Ball 2-2: Ground out 4-3 (Groundball, 4S, EV 69.4 MPH)
|
Pitching: LHP Juan Velez
|
|
Batting: RHB Derrick Biegert
|
0-0: Foul Ball, location: 3FF 0-1: Ball 1-1: Fly out, F6 (Line Drive, 6, EV 66.3 MPH)
|
Batting: RHB Bobby Bracamonte
|
0-0: Ball 1-0: Ball 2-0: Called Strike 2-1: Ball 3-1: Ground out 5-3 (Groundball, 56, EV 78.8 MPH)
|
Top of the 1st over - 0 runs, 0 hits, 0 errors, 0 left on base; Clinton 0 - Fort Wayne 0 |
BOTTOM OF THE 1ST |
Fort Wayne TinCaps batting - Pitching for Clinton LumberKings : RHP Elton Crouse
|
Pitching: RHP Elton Crouse
|
|
Batting: RHB Elias Gaitan
|
0-0: Called Strike 0-1: Ball 1-1: Called Strike 1-2: Reached on error, E6 (Groundball, 56, EV 76.3 MPH)
|
Batting: LHB Jameson Sierra
|
0-0: Foul Ball, location: 2F 0-1: Foul Ball, location: 2F 0-2: Ball 1-2: Grounds into double play, 4-6-3 (Groundball, 34S, EV 80.0 MPH)
|
Batting: RHB Griffin Barshay
|
0-0: Hit by Pitch
|
Batting: RHB Kaiden Murphree
|
0-0: Ball 1-0: Ball 2-0: Ball 3-0: Base on Balls Griffin Barshay to second
|
Batting: RHB Hernán Romana
|
0-0: SINGLE (Groundball, 6D, EV 106.3 MPH) Griffin Barshay to third Kaiden Murphree to second Runner from 3rd tries for Home, SAFE, throw by CF to home
|
Batting: LHB Kaiden Potts
|
0-0: Ground out 4-3 (Groundball, 4D, EV 96.9 MPH)
|
Bottom of the 1st over - 1 run, 1 hit, 1 error, 2 left on base; Clinton 0 - Fort Wayne 1 |
TOP OF THE 2ND |
Clinton LumberKings batting - Pitching for Fort Wayne TinCaps : LHP Juan Velez
|
Batting: RHB Jeremiah Blondin
|
0-0: Called Strike 0-1: Called Strike 0-2: Ball 1-2: Ball 2-2: Foul Ball, location: 9LSF 2-2: Fly out, F8 (Line Drive, 8LS, EV 91.3 MPH)
|
Batting: RHB Yassel Burgos
|
0-0: Called Strike 0-1: Ground out 5-3 (Groundball, 5, EV 86.9 MPH)
|
Batting: RHB D.J. Dantuma
|
0-0: Fly out, F7 (Flyball, 7LMF, EV 85.0 MPH)
|
Top of the 2nd over - 0 runs, 0 hits, 0 errors, 0 left on base; Clinton 0 - Fort Wayne 1 |
BOTTOM OF THE 2ND |
Fort Wayne TinCaps batting - Pitching for Clinton LumberKings : RHP Elton Crouse
|
Batting: RHB Yonelvy Ortiz
|
0-0: Ball 1-0: Ball 2-0: Ground out 4-3 (Groundball, 4M, EV 81.9 MPH)
|
Batting: RHB Hector Vallejo
|
0-0: Swinging Strike 0-1: SINGLE (Groundball, 4MD, EV 104.4 MPH)
|
Batting: SHB Joey Schultz
|
0-0: Sac Bunt to 13 - play at second, runner OUT! 1-6
|
Batting: RHB Elias Gaitan
|
0-0: Called Strike 0-1: SINGLE (Groundball, 34D, EV 102.5 MPH) Joey Schultz to second Runner from 2nd tries for 3rd, SAFE, throw by RF made to third Elias Gaitan to second
|
Batting: LHB Jameson Sierra
|
0-0: Called Strike 0-1: Ball 1-1: Ball 2-1: Foul Ball, location: 3F 2-2: Reached via error on a dropped throw from 2B, E3 (Groundball, 34D, EV 100.0 MPH) Joey Schultz scores Elias Gaitan to third
|
Batting: RHB Griffin Barshay
|
0-0: Called Strike 0-1: Swinging Strike 0-2: Ball 1-2: Ball 2-2: Ground out 6-3 (Groundball, 6MD, EV 109.4 MPH)
|
Bottom of the 2nd over - 1 run, 2 hits, 1 error, 2 left on base; Clinton 0 - Fort Wayne 2 |
TOP OF THE 3RD |
Clinton LumberKings batting - Pitching for Fort Wayne TinCaps : LHP Juan Velez
|
Batting: SHB Franco Depedro
|
0-0: Hit by Pitch
|
Batting: RHB Axel Mullaney
|
0-0: Bunt missed! 0-1: Sac Bunt to 3S - play at first, batter OUT! 3-4 Franco Depedro to second
|
Batting: RHB Omar Ramos
|
0-0: Swinging Strike 0-1: Swinging Strike 0-2: Ball 1-2: Strikes out swinging
|
Batting: LHB Tyler Gold
|
0-0: Called Strike 0-1: Ball 1-1: Ball 2-1: Fly out, F9 (Flyball, 9S, EV 79.4 MPH)
|
Top of the 3rd over - 0 runs, 0 hits, 0 errors, 1 left on base; Clinton 0 - Fort Wayne 2 |
BOTTOM OF THE 3RD |
Fort Wayne TinCaps batting - Pitching for Clinton LumberKings : RHP Elton Crouse
|
Batting: RHB Kaiden Murphree
|
0-0: Called Strike 0-1: Foul Ball, location: 2F 0-2: Strikes out swinging
|
Batting: RHB Hernán Romana
|
0-0: Ground out 3-1 (Groundball, 34, EV 81.3 MPH)
|
Batting: LHB Kaiden Potts
|
0-0: Called Strike 0-1: Ball 1-1: Swinging Strike 1-2: Strikes out swinging, 2-3 out at first.
|
Bottom of the 3rd over - 0 runs, 0 hits, 0 errors, 0 left on base; Clinton 0 - Fort Wayne 2 |
TOP OF THE 4TH |
Clinton LumberKings batting - Pitching for Fort Wayne TinCaps : LHP Juan Velez
|
Batting: RHB Derrick Biegert
|
0-0: Ball 1-0: Ball 2-0: Called Strike 2-1: Ball 3-1: Swinging Strike 3-2: Base on Balls
|
Batting: RHB Bobby Bracamonte
|
0-0: Called Strike 0-1: Swinging Strike 0-2: Ball 1-2: Foul Ball, location: 2F 1-2: Foul Ball, location: 2F 1-2: Foul Ball, location: 2F 1-2: Grounds into double play, 4-6-3 (Groundball, 4, EV 98.1 MPH)
|
Batting: RHB Jeremiah Blondin
|
0-0: Swinging Strike 0-1: Ground out 4-3 (Groundball, 4, EV 84.4 MPH)
|
Top of the 4th over - 0 runs, 0 hits, 0 errors, 0 left on base; Clinton 0 - Fort Wayne 2 |
BOTTOM OF THE 4TH |
Fort Wayne TinCaps batting - Pitching for Clinton LumberKings : RHP Elton Crouse
|
Batting: RHB Yonelvy Ortiz
|
0-0: Foul Ball, location: 7LSF 0-1: Ball 1-1: Ball 2-1: Ball 3-1: Base on Balls
|
Batting: RHB Hector Vallejo
|
0-0: Called Strike 0-1: Ball 1-1: Called Strike 1-2: Ground out 5-3 (Groundball, 56S, EV 61.3 MPH) Yonelvy Ortiz to second
|
Batting: SHB Joey Schultz
|
0-0: Called Strike 0-1: Swinging Strike 0-2: Foul Ball, location: 7LMFF 0-2: Strikes out looking
|
Batting: RHB Elias Gaitan
|
0-0: Reached on error, E6 (Groundball, 6, EV 84.4 MPH) Yonelvy Ortiz to third
|
Batting: LHB Jameson Sierra
|
0-0: Ball 1-0: Foul Ball, location: 3F 1-1: Ball 2-1: SINGLE (Groundball, 6MD, EV 106.3 MPH) Yonelvy Ortiz scores Elias Gaitan to second Runner from 2nd tries for 3rd, SAFE, throw by CF made to third Jameson Sierra to second
|
Batting: RHB Griffin Barshay
|
0-0: Ball 1-0: Ball 2-0: Fly out, F7 (Flyball, 78S, EV 91.9 MPH)
|
Bottom of the 4th over - 1 run, 1 hit, 1 error, 2 left on base; Clinton 0 - Fort Wayne 3 |
TOP OF THE 5TH |
Clinton LumberKings batting - Pitching for Fort Wayne TinCaps : LHP Juan Velez
|
Batting: RHB Yassel Burgos
|
0-0: Called Strike 0-1: Foul Ball, location: 7LMF 0-2: Foul Ball, location: 2F 0-2: Foul Ball, location: 2F 0-2: Foul Ball, location: 2F 0-2: Ball 1-2: Ball 2-2: Foul Ball, location: 7LSFF 2-2: Foul Ball, location: 9LMF 2-2: Ball 3-2: Strikes out swinging
|
Pitching: LHP Felipe Concha
|
|
Batting: RHB D.J. Dantuma
|
0-0: Ball 1-0: Called Strike 1-1: Foul Ball, location: 2F 1-2: Ball 2-2: Strikes out looking
|
Batting: SHB Franco Depedro
|
0-0: Called Strike 0-1: Called Strike 0-2: Foul Ball, location: 2F 0-2: Foul Ball, location: 9LDF 0-2: Ball 1-2: Foul Ball, location: 5F 1-2: SINGLE (Line Drive, 8LS, EV 101.9 MPH)
|
Batting: RHB Axel Mullaney
|
0-0: Fielders Choice at 2nd, 6-4 (Groundball, 56, EV 108.8 MPH)
|
Top of the 5th over - 0 runs, 1 hit, 0 errors, 1 left on base; Clinton 0 - Fort Wayne 3 |
BOTTOM OF THE 5TH |
Fort Wayne TinCaps batting - Pitching for Clinton LumberKings : RHP Elton Crouse
|
Batting: RHB Kaiden Murphree
|
0-0: Called Strike 0-1: Ground out 6-3 (Groundball, 6MD, EV 95.6 MPH)
|
Batting: RHB Hernán Romana
|
0-0: Ball 1-0: Fly out, F9 (Flyball, 89M, EV 86.9 MPH)
|
Batting: LHB Kaiden Potts
|
0-0: Fly out, F3 (Popup, 3SF, EV 71.3 MPH)
|
Bottom of the 5th over - 0 runs, 0 hits, 0 errors, 0 left on base; Clinton 0 - Fort Wayne 3 |
TOP OF THE 6TH |
Clinton LumberKings batting - Pitching for Fort Wayne TinCaps : LHP Felipe Concha
|
Batting: RHB Omar Ramos
|
0-0: Called Strike 0-1: Ball 1-1: Ball 2-1: Foul Ball, location: 2F 2-2: Foul Ball, location: 23F 2-2: Strikes out swinging
|
Batting: LHB Tyler Gold
|
0-0: Ball 1-0: Ball 2-0: Swinging Strike 2-1: Swinging Strike 2-2: Foul Ball, location: 23FF 2-2: Foul Ball, location: 3FF 2-2: Reached on error, E5 (Groundball, 5S, EV 73.1 MPH)
|
Batting: RHB Derrick Biegert
|
0-0: Foul Ball, location: 2F 0-1: Called Strike 0-2: Strikes out swinging Tyler Gold is caught stealing 2nd base 2-4 Batter strikes out.
|
Top of the 6th over - 0 runs, 0 hits, 1 error, 0 left on base; Clinton 0 - Fort Wayne 3 |
BOTTOM OF THE 6TH |
Fort Wayne TinCaps batting - Pitching for Clinton LumberKings : RHP Elton Crouse
|
Batting: RHB Yonelvy Ortiz
|
0-0: Called Strike 0-1: Foul Ball, location: 9LMF 0-2: Ball 1-2: Foul Ball, location: 9LMF 1-2: Foul Ball, location: 3SF 1-2: Ball 2-2: Ground out 1-3 (Groundball, 15S, EV 70.6 MPH)
|
Batting: RHB Hector Vallejo
|
0-0: Called Strike 0-1: Ball 1-1: Fly out, F7 (Flyball, 7, EV 82.5 MPH)
|
Batting: SHB Joey Schultz
|
0-0: Ball 1-0: Ball 2-0: Called Strike 2-1: Ground out 6-3 (Groundball, 6M, EV 87.5 MPH)
|
Bottom of the 6th over - 0 runs, 0 hits, 0 errors, 0 left on base; Clinton 0 - Fort Wayne 3 |
TOP OF THE 7TH |
Clinton LumberKings batting - Pitching for Fort Wayne TinCaps : LHP Felipe Concha
|
Batting: RHB Bobby Bracamonte
|
0-0: Called Strike 0-1: Foul Ball, location: 9LDF 0-2: Strikes out swinging, 2-3 out at first.
|
Batting: RHB Jeremiah Blondin
|
0-0: SINGLE (Line Drive, 34D, EV 101.3 MPH)
|
Pitching: RHP Bobby Schultz
|
|
Batting: RHB Yassel Burgos
|
0-0: Called Strike 0-1: Ball 1-1: Fly out, F7 (Flyball, 7LS, EV 90.6 MPH)
|
Pinch Hitting: SHB Adonis Roy
|
0-0: Ball 1-0: Fly out, F9 (Line Drive, 9S, EV 91.3 MPH)
|
Top of the 7th over - 0 runs, 1 hit, 0 errors, 1 left on base; Clinton 0 - Fort Wayne 3 |
BOTTOM OF THE 7TH |
Fort Wayne TinCaps batting - Pitching for Clinton LumberKings : RHP Elton Crouse
|
Now at 2B: Adonis Roy
|
|
Batting: RHB Elias Gaitan
|
0-0: Swinging Strike 0-1: Called Strike 0-2: Strikes out swinging
|
Batting: LHB Jameson Sierra
|
0-0: Ball 1-0: Foul Ball, location: 7LDF 1-1: Ball 2-1: Ball 3-1: Foul Ball, location: 2F 3-2: Foul Ball, location: 9LDF 3-2: Ground out 5-3 (Groundball, 25, EV 80.0 MPH)
|
Batting: RHB Griffin Barshay
|
0-0: Ball 1-0: Ball 2-0: Fly out, F9 (Flyball, 9S, EV 91.3 MPH)
|
Bottom of the 7th over - 0 runs, 0 hits, 0 errors, 0 left on base; Clinton 0 - Fort Wayne 3 |
TOP OF THE 8TH |
Clinton LumberKings batting - Pitching for Fort Wayne TinCaps : RHP Bobby Schultz
|
Batting: SHB Franco Depedro
|
0-0: Foul Ball, location: 2F 0-1: Ball 1-1: SINGLE (Line Drive, 7S, EV 100.0 MPH)
|
Pinch Hitting: LHB Matthew Petrus
|
0-0: Called Strike 0-1: SINGLE (Line Drive, 4D, EV 97.5 MPH) Franco Depedro to second Franco Depedro to third
|
Pinch Hitting: RHB Rob Regan
|
0-0: Called Strike 0-1: Foul Ball, location: 2F 0-2: Ball 1-2: SINGLE (Groundball, 34, EV 77.5 MPH) (infield hit) Franco Depedro scores Matthew Petrus to second
|
Batting: LHB Tyler Gold
|
0-0: SINGLE (Groundball, 6MD, EV 101.3 MPH) Matthew Petrus to third Rob Regan to second
|
Batting: RHB Derrick Biegert
|
0-0: Called Strike 0-1: Fly out, F7 (Flyball, 7D, EV 94.4 MPH) Runner from 3rd tags up, SCORES, no throw by LF Rob Regan to third
|
Batting: RHB Bobby Bracamonte
|
0-0: Ball 1-0: Grounds into double play, 6-4-3 (Groundball, 6, EV 85.6 MPH)
|
Top of the 8th over - 2 runs, 4 hits, 0 errors, 1 left on base; Clinton 2 - Fort Wayne 3 |
BOTTOM OF THE 8TH |
Fort Wayne TinCaps batting - Pitching for Clinton LumberKings : RHP Elton Crouse
|
Pitching: RHP Jaxson Clifford
|
|
Now at 3B: Rob Regan
|
|
Now at SS: Jack Latham
|
|
Batting: RHB Kaiden Murphree
|
0-0: Ball 1-0: Ball 2-0: Ball 3-0: Base on Balls
|
Batting: RHB Hernán Romana
|
0-0: Foul Ball, location: 9LDF 0-1: Ball 1-1: Hit by Pitch Kaiden Murphree to second
|
Batting: LHB Kaiden Potts
|
0-0: Foul Ball, location: 9LSF 0-1: Ball 1-1: Ball 2-1: Ball 3-1: Bunt - Flyout to 13! F1
|
Batting: RHB Yonelvy Ortiz
|
0-0: Ball 1-0: SINGLE (Line Drive, 9S, EV 91.9 MPH) Kaiden Murphree to third Hernán Romana to second
|
Batting: RHB Hector Vallejo
|
0-0: Ball 1-0: Swinging Strike 1-1: Foul Ball, location: 3SF 1-2: Ball 2-2: Strikes out swinging
|
Batting: SHB Joey Schultz
|
0-0: Ball 1-0: Called Strike 1-1: Ball 2-1: Swinging Strike 2-2: Ball 3-2: Fly out, F9 (Flyball, 9LM, EV 95.0 MPH)
|
Bottom of the 8th over - 0 runs, 1 hit, 0 errors, 3 left on base; Clinton 2 - Fort Wayne 3 |
TOP OF THE 9TH |
Clinton LumberKings batting - Pitching for Fort Wayne TinCaps : RHP Bobby Schultz
|
Pitching: RHP Hector McRoy
|
|
Now at 1B: Kyle Hong
|
|
Now in LF: Kaiden Potts
|
|
Now in RF: Wes McGowan
|
|
Batting: RHB Jeremiah Blondin
|
0-0: Ball 1-0: Swinging Strike 1-1: SINGLE (Flyball, 3D, EV 93.8 MPH)
|
Batting: RHB Yassel Burgos
|
0-0: Foul Ball, location: 2F 0-1: Foul Ball, location: 2F 0-2: Ball 1-2: Ball 2-2: Strikes out swinging
|
Batting: SHB Adonis Roy
|
0-0: Ball 1-0: Ball 2-0: Called Strike 2-1: Swinging Strike 2-2: Foul Ball, location: 2LF 2-2: Strikes out swinging
|
Batting: SHB Franco Depedro
|
0-0: Called Strike 0-1: Foul Ball, location: 7LDF 0-2: Ball 1-2: Strikes out swinging
|
Top of the 9th over - 0 runs, 1 hit, 0 errors, 1 left on base; Clinton 2 - Fort Wayne 3 |
|